 Dungeon Crawl Stone Soup version 0.30-a0-341-g682706514a (webtiles) character file.

Game seed: 13530901587850908177

6233 MrRokkomies the Fighter (level 10, -4/144 HPs)
             Began as an Armataur Gladiator on Nov 4, 2022.
             Was the Champion of Uskayaw.
             Engulfed by a cloud of steam (5 damage)
             ... on level 8 of the Dungeon.
             The game lasted 00:09:44 (7278 turns).

MrRokkomies the Fighter (Armataur Gladiator)        Turns: 7278, Time: 00:09:45

Health: -4/144     AC: 13    Str: 23    XL:     10   Next: 62%
Magic:  12/12      EV: 11    Int:  8    God:    Uskayaw [******]
Gold:   376        SH:  0    Dex: 13    Spells: 9/9 levels left

rFire   . . .      SeeInvis .    a - +2 lajatang (elec)
rCold   . . .      Faith    .    (shield currently unavailable)
rNeg    . . .      Spirit   .    C - +2 swamp dragon scales
rPois   +          Reflect  .    c - +0 helmet
rElec   .          Harm     .    n - +0 cloak
rCorr   .          Roll     +    (no gloves)
Will    ++...                    (no barding)
Stlth   ..........               (no amulet)
HPRegen 0.44/turn                o - ring of willpower
MPRegen 0.13/turn                x - ring of willpower

@: berserking, very quick
A: large, rugged brown scales 3, deformed body, armoured tail, roll, long
tongue, awkward tongue
a: Renounce Religion, Stomp, Line Pass, Grand Finale


You were on level 8 of the Dungeon.
You worshipped Uskayaw.
Uskayaw was noncommittal.
You visited 2 branches of the dungeon, and saw 10 of its levels.

You collected 376 gold pieces.

Inventory:

Hand Weapons
 a - a +2 lajatang of electrocution (weapon)
 f - a +1 rapier of draining
 j - a +0 dagger of electrocution
 t - a +2 spectral quarterstaff
Missiles
 d - 3 throwing nets
 e - a javelin
 s - 18 poisoned darts
 H - 8 boomerangs (quivered)
 I - 3 silver javelins
Armour
 c - a +0 helmet (worn)
 n - a +0 cloak (worn)
 p - a +0 chain mail
 C - +2 swamp dragon scales (worn)
Jewellery
 o - a ring of willpower (left hand)
 x - a ring of willpower (right hand)
 y - a +6 ring of dexterity
 B - a ring of flight
Wands
 D - a wand of flame (24)
Scrolls
 b - 4 scrolls of fear
 v - 2 scrolls of magic mapping
 w - a scroll of fog
 z - 2 scrolls of teleportation {unknown}
 A - 2 scrolls of immolation
 F - 3 scrolls of identify
 G - a scroll of enchant armour {unknown}
Potions
 g - 3 potions of attraction {unknown}
 i - a potion of flight {unknown}
 k - 2 potions of berserk rage
 l - 3 potions of brilliance
 m - 3 potions of magic {unknown}
 q - 2 potions of degeneration {unknown}
 r - a potion of invisibility {unknown}
 u - 2 potions of curing {unknown}
 E - a potion of haste {unknown}
 J - a potion of mutation {unknown}


   Skills:
 + Level 8.9 Fighting
 * Level 8.2 Staves
 - Level 1.7 Throwing
 + Level 8.1 Armour
 - Level 5.3 Dodging
 * Level 3.6 Invocations


You had 9 spell levels left.
You didn't know any spells.
Your spell library contained the following spells:

 Spells                   Type           Power      Damage    Failure   Level
 Beastly Appendage        Tmut           0%         N/A       54%         1
 Wereblood                Tmut           0%         N/A       67%         2
 Portal Projectile        Hex/Tloc       0%         N/A       88%         3
 Spider Form              Tmut/Pois      0%         N/A       88%         3
 Tukima's Dance           Hex            0%         N/A       88%         3
 Blade Hands              Tmut           0%         N/A       100%        5


Dungeon Overview and Level Annotations

Branches:
Dungeon (9/15)             Temple (1/1) D:7
   Lair: D:8-11         Orc: D:9-12

Altars:
Ashenzari
Cheibriados
Dithmenos
Elyvilon
Fedhas
Kikubaaqudgha
Makhleb
Nemelex Xobeh
Qazlal
Ru
Sif Muna
Trog
Uskayaw
Vehumet
Xom

Annotations:
D:6 2 runed translucent doors, crabbyslav's ghost, novice MiCK


Innate Abilities, Weirdness & Mutations

You are completely covered in rugged brown scales. (AC +3, +7% HP)
Armour fits poorly on your strangely shaped body.
You have a long armoured tail.
You roll when moving toward enemies. (Rampage)
Your long tongue fully drains potion bottles. (2x potion effects)
Your tongue gives you trouble enunciating. (1.5x scroll delay)


Message History

You slice the orc!!
You kill the orc!
You are engulfed in a cloud of scalding steam.
* * * LOW HITPOINT WARNING * * *
The orc closely misses you.
The steam dragon bites you but does no damage.
The steam dragon closely misses you.
You hear some strange, mumbled words.
A puff of flame appears from out of thin air!
The puff of flame hits you!
* * * LOW HITPOINT WARNING * * *
There is a stone staircase leading up, spattered with blood here.
Things that are here:
a +0 club; a +0 club; an orc corpse You barely miss something.
Your tail-slap misses something.
The orc hits you but does no damage.
The steam dragon bites you but does no damage.
The steam dragon closely misses you. Something hits you but does no damage.
You slice something!!
Reactivating autopickup.
You feel a bit more experienced. The gnoll sergeant barely misses you.
You slice the steam dragon!!
The steam dragon is severely wounded.
A bullfrog comes into view.
The orc misses you.
The steam dragon bites you but does no damage.
The steam dragon closely misses you.
The gnoll sergeant hits you from afar with a +0 spear.
* * * LOW HITPOINT WARNING * * *
You barely miss the steam dragon.
The steam dragon is severely wounded.
The steam dragon breathes steam at you. The ball of steam hits you!
* * * LOW HITPOINT WARNING * * *
The orc closely misses you.
You hear a shout! x2
You slash the steam dragon!
You kill the steam dragon!
You are engulfed in a cloud of scalding steam.
You die...

### 7. 77.77 .# 7.
#7.7.7#.# 7.7
#..7..#.# .. #)777.#.#
##'########..7..#.#
#.Fg#.....#7†7.7#.#
7.7.o.77).)77†)#))#.##
7.'>8@§.7)7.†)#†#.....
7.7..§77...77.†#..#.#.
#.§§#.....#7.7.7#.#
##'########..7..#.# 7.
#.777.#.. ~≈ #. .#.#
~≈~ #7 7#.# ≈~≈ #.#
#..


You could see a gnoll sergeant, a bullfrog and an orc.

Vanquished Creatures
  A manticore (D:8)
  Maggie (D:6)
  A komodo dragon (D:8)
  2 kobold demonologists (D:7)
  Grinder (D:3)
  Prince Ribbit (D:7)
  Sigmund (D:6)
  A wyvern (D:8)
  A yak (D:8)
  2 steam dragons
  Menkaure (D:4)
  2 water moccasins
  2 black bears
  4 ice beasts
  4 orc warriors
  2 ogres (D:7)
  4 centaurs
  2 kobold brigands
  A phantom (D:6)
  2 bullfrogs (D:7)
  3 necrophages
  5 wights
  11 killer bees
  2 howler monkeys
  3 hounds
  2 orc priests (D:8)
  2 gnoll boudas
  A jelly (D:7)
  2 iguanas
  Crazy Yiuf (D:2)
  9 orc wizards
  3 gnolls
  8 adders
  2 white imps
  A worm (D:2)
  3 dart slugs
  22 orcs
  6 endoplasms
  4 giant cockroaches
  3 goblins
  10 hobgoblins
  5 quokkas
  7 ball pythons
  7 bats
  A frilled lizard (D:1)
  12 kobolds
  5 rats
176 creatures vanquished.

Vanquished Creatures (others)
  8 plants (D:8)
8 creatures vanquished.

Grand Total: 184 creatures vanquished

Notes
Turn   | Place    | Note
-------+----------+-------------------------------------------
     0 | D:1      | MrRokkomies the Armataur Gladiator began the quest for the
                  | Orb.
     0 | D:1      | Reached XP level 1. HP: 18/18 MP: 1/1
   246 | D:1      | Reached XP level 2. HP: 25/25 MP: 2/2
   403 | D:1      | Reached skill level 1 in Armour
   627 | D:2      | Reached XP level 3. HP: 30/32 MP: 3/3
  1031 | D:2      | Found a runed translucent door.
  1032 | D:2      | Noticed Crazy Yiuf
  1548 | D:2      | Killed Crazy Yiuf
  1549 | D:2      | Reached XP level 4. HP: 37/40 MP: 4/4
  1782 | D:3      | Noticed Grinder
  1789 | D:3      | Paralysed by Grinder for 4 turns
  1795 | D:3      | Killed Grinder
  1796 | D:3      | Reached XP level 5. HP: 24/50 MP: 5/5
  1796 | D:3      | Reached XP level 6. HP: 26/56 MP: 6/6
  2291 | D:3      | Found a white marble altar of Elyvilon.
  2922 | D:4      | Noticed Menkaure
  2938 | D:4      | Killed Menkaure
  2939 | D:4      | Reached skill level 5 in Fighting
  3226 | D:4      | Identified a scroll of acquirement
  3226 | D:4      | Acquired a +2 lajatang of electrocution
  3229 | D:4      | Found a shadowy altar of Dithmenos.
  3232 | D:4      | Reached XP level 7. HP: 65/65 MP: 7/7
  3285 | D:4      | Found a sparkling altar of Nemelex Xobeh.
  3559 | D:5      | Entered Level 5 of the Dungeon
  3666 | D:5      | Found a blossoming altar of Fedhas.
  3919 | D:5      | Reached XP level 8. HP: 74/74 MP: 8/8
  4340 | D:5      | Reached skill level 5 in Armour
  4775 | D:6      | Found a sacrificial altar of Ru.
  4780 | D:6      | Noticed Sigmund
  4995 | D:6      | Reached skill level 5 in Staves
  5125 | D:6      | Killed Sigmund
  5179 | D:6      | Reached XP level 9. HP: 84/84 MP: 9/9
  5257 | D:6      | Found a runed translucent door.
  5261 | D:6      | Noticed crabbyslav's ghost (novice MiCK)
  5280 | D:6      | Noticed Maggie
  5288 | D:6      | Killed Maggie
  5552 | D:6      | Found a runed translucent door.
  5692 | D:7      | You fall into a shaft and drop 1 floor!
  6065 | D:7      | Found an ancient bone altar of Kikubaaqudgha.
  6270 | D:7      | Reached skill level 5 in Dodging
  6284 | D:7      | Noticed Prince Ribbit
  6289 | D:7      | Killed Prince Ribbit
  6813 | D:7      | Noticed a kobold demonologist
  6814 | D:7      | Noticed a kobold demonologist
  6828 | D:7      | Killed a kobold demonologist
  6829 | D:7      | Reached XP level 10. HP: 59/95 MP: 4/10
  6838 | D:7      | Found a staircase to the Ecumenical Temple.
  6890 | Temple   | Entered the Ecumenical Temple
  6894 | Temple   | Became a worshipper of Uskayaw the Reveller
  6994 | D:8      | Reached * piety under Uskayaw
  7001 | D:8      | Reached ** piety under Uskayaw
  7123 | D:8      | Reached *** piety under Uskayaw
  7126 | D:8      | Reached skill level 1 in Invocations
  7130 | D:8      | Reached **** piety under Uskayaw
  7173 | D:8      | Reached ***** piety under Uskayaw
  7188 | D:8      | Noticed a manticore
  7194 | D:8      | Killed a manticore
  7276 | D:8      | Reached ****** piety under Uskayaw
  7277 | D:8      | HP: 1/144 [steam dragon/ball of steam (15)]
  7278 | D:8      | Engulfed by a cloud of steam

Illustrated notes

Levels and vault maps discovered:
D:1:      co_arrival_hall_of_pillars, layout_basic
D:2:      layout_basic, uniq_crazy_yiuf_cottage
D:3:      layout_basic, elyvilon_altar_3, uniq_grinder
D:4:      layout_rooms, nicolae_dithmenos_through_a_glass_darkly,
          nemelex_spade_bored_becter, minmay_cut_off, uniq_menkaure
D:5:      layout_basic, mainiacjoe_overflow_brackets,
          hangedman_decor_diamond_cutter
D:6:      layout_rooms, mainiacjoe_overflow_concentric_impassable,
          ebering_ghost_sewer_f, uniq_sigmund, uniq_maggie
D:7:      layout_gridville, overflow_temple_1_default,
          minmay_temple_entry_offerings, grunt_ministairs_10,
          uniq_prince_ribbit1
D:8:      nzn_winding_woodlands_stair_cross [nzn_winding_woodlands_5x15_twine,
          nzn_winding_woodlands_center_triple_pond,
          nzn_winding_woodlands_5x15_river_crossing,
          nzn_winding_woodlands_hourglass, nzn_winding_woodlands_5x5_perimeter,
          nzn_winding_woodlands_5x15_sidewinder,
          nzn_winding_woodlands_center_garden,
          nzn_winding_woodlands_5x15_crooked], layout_loops_corners,
          tso_metal_star, gammafunk_ghost_ooze
D:9:      layout_cave_pools, mainiacjoe_overflow_cross_hatched,
          amethyst_overflow_temple_binary, hangedman_minor_magic
Temple:   nicolae_temple_x_marks_the_god

Skill      XL: |  1  2  3  4  5  6  7  8  9 10 |
---------------+-------------------------------+-----
Fighting       | 2 3 4 5 7 8 |  8.9
Armour         | 1 2 3 4 6 7 8 |  8.1
Dodging        | 3 4 5 |  5.3
Staves         | 4 5 7 8 |  8.2
Invocations    | 3 |  3.6
Throwing       | |  1.7

Action                   |  1- 3 |  4- 6 |  7- 9 | 10-12 || total
-------------------------+-------+-------+-------+-------++-------
Melee: Quarterstaff      |    97 |    53 |       |       ||   150
       Tailslap          |     7 |    15 |    25 |    10 ||    57
       Dagger            |       |    41 |       |       ||    41
       Punch             |       |     2 |       |       ||     2
       Lajatang          |       |     1 |   269 |    90 ||   360
Throw: Throwing net      |     2 |       |       |       ||     2
  Use: Scroll            |       |    10 |     3 |       ||    13
       Potion            |       |       |     1 |     3 ||     4
 Stab: Sleeping          |     1 |       |       |       ||     1
       Paralysed         |       |       |       |     6 ||     6
Armor: Leather armour    |    44 |     1 |       |       ||    45
       Chain mail        |       |    62 |   117 |       ||   179
       Swamp dragon scal |       |       |   119 |    54 ||   173
Dodge: Dodged            |    57 |    27 |   202 |    81 ||   367

Table legend: (Time is in decaauts)
 A = Elapsed time spent in this place.
 B = Non-inter-level travel time spent in this place.
 C = Inter-level travel time spent in this place.
 D = Time resting spent in this place.
 E = Time spent auto-exploring this place.
 F = Levels seen in this place.
 G = Mean time per level.
                   A        B        C        D        E       F      G
               +--------+--------+--------+--------+--------+-----+--------+
         Total |   7344 |   7069 |    275 |   1159 |   4706 |  10 |  734.4 |
       Dungeon |   7335 |   7064 |    271 |   1159 |   4706 |   9 |  815.0 |
        Temple |      8 |      4 |      4 |      0 |      0 |   1 |    8.0 |
               +--------+--------+--------+--------+--------+-----+--------+

Top non-repeatable levels by time:
     D:5: 1353 daAuts
     D:7: 1146 daAuts
     D:3: 1119 daAuts
     D:2: 1057 daAuts
     D:4: 860 daAuts
     D:6: 807 daAuts
     D:1: 555 daAuts
     D:8: 425 daAuts
     D:9: 10 daAuts
  Temple: 8 daAuts
